 Dungeon Crawl Stone Soup version 0.22-a0-136-g83a10e5 (webtiles) character file.

382 tilp the Spear-Bearer (level 6, -4/41 HPs)
             Began as a Merfolk Ice Elementalist on Feb 4, 2018.
             Slain by Menkaure (24 damage)
             ... on level 4 of the Dungeon.
             The game lasted 00:12:39 (5059 turns).

tilp the Spear-Bearer (Merfolk Ice Elementalist)    Turns: 5059, Time: 00:12:40

Health: -4/41      AC:  8    Str: 10    XL:     6   Next: 76%
Magic:  4/9        EV: 13    Int: 18    God:
Gold:   117        SH:  0    Dex: 14    Spells: 3/9 levels left

rFire    . . .     SeeInvis .   a - +0 spear (freeze)
rCold    . . .     Gourm    .   (no shield)
rNeg     . . .     Faith    .   d - +0 robe
rPois    .         Spirit   .   f - +2 helmet {Int+3}
rElec    .         Reflect  .   p - +0 cloak
rCorr    .         Harm     .   y - +0 pair of gloves
MR       .....                  q - +0 pair of boots
Stlth    ++........             (no amulet)
HPRegen  0.13/turn              (no ring)
MPRegen  0.11/turn              (no ring)

@: very slightly contaminated
A: change form in water, swift swim, stealthy swim
a: no special abilities


You were on level 4 of the Dungeon.
You were hungry.

You visited 1 branch of the dungeon, and saw 4 of its levels.
You also visited: Ossuary.

You collected 117 gold pieces.

Inventory:

Hand Weapons
 a - a +0 spear of freezing (weapon)
 b - a +0 hunting sling
Missiles
 k - 112 stones
 m - 27 sling bullets
 u - 6 javelins (quivered)
 w - 3 tomahawks
Armour
 d - a +0 robe (worn)
 f - a +2 helmet of intelligence (worn)
 p - a +0 cloak (worn)
 q - a +0 pair of boots (worn)
 y - a +0 pair of gloves (worn)
Jewellery
 h - an uncursed ring of positive energy {unknown}
Wands
 t - a wand of disintegration (12)
 x - a wand of random effects (30)
Scrolls
 e - 6 scrolls of remove curse
 o - a scroll of magic mapping
Potions
 g - 3 potions of curing
 l - 4 potions of haste
 n - a potion of degeneration {unknown}
 r - a potion of resistance {unknown}
 s - 2 potions of heal wounds
 v - 2 potions of invisibility
 A - a potion of brilliance
Books
 j - a book of Frost

   Spells                             Type                      Level
   a - Freeze                         Ice                          1
   b - Throw Frost                    Conjuration/Ice              2
   c - Ozocubu's Armour               Charms/Ice                   3
   d - Throw Icicle                   Conjuration/Ice              4
   e - Summon Ice Beast               Ice/Summoning                4
Comestibles
 c - 2 rations


   Skills:
 + Level 9.0 Polearms
 - Level 2.6 Dodging
 - Level 2.1 Stealth
 - Level 2.0 Spellcasting
 - Level 0.7 Conjurations
 - Level 4.0 Ice Magic


You had 3 spell levels left.
You knew the following spells:

 Your Spells              Type           Power        Failure   Level  Hunger
a - Freeze                Ice            ###.         3%          1    #......
b - Throw Frost           Conj/Ice       ##....       11%         2    ###....
c - Ozocubu's Armour      Chrm/Ice       #.......     24%         3    ###....


Dungeon Overview and Level Annotations

Branches:
Dungeon (4/15)             Temple (0/1) D:4

Altars:
Trog

Shops:
D:4 (

Annotations:
D:2 Pikel
D:4 Grinder, Menkaure


Message History

Menkaure points at you and mumbles some strange words.
Pain shoots through your body!
* * * LOW HITPOINT WARNING * * *
Okay, then.
You feel much better.
Press: ? - help, v - describe, . - travel
Here: Menkaure The floor.
Aiming: Disintegrate
Press: ? - help, Shift-Dir - straight line, f/p - Menkaure
Aim: Menkaure (chance to defeat MR: 65%) Menkaure is blasted.
Menkaure points at you and mumbles some strange words.
Pain shoots through your body!
Aiming: Disintegrate
Press: ? - help, Shift-Dir - straight line, f/p - Menkaure
Aim: Menkaure (severely damaged, chance to defeat MR: 65%) Menkaure struggles to resist.
Menkaure hits you!!
Ouch! That really hurt!
You die...

##...#.#,##* #.............#*
.....#.#...*****
*,#..###.....##*
.....#.#$#...,,***,#..........#
*
........,#.∩.#,,,,,#.######)..#
* .....#[#*#...#######.#
**#.#.#**
.....#.###.#.........#
*,5.....,
...#,#p##...........##
*,####### .....#.##.......M...#
**,,,** ######.#........@...#
*,,*,,**
.p.....#............#***,,,,,,*
########..............#*,,,,,,*
**######............#.#*,,,>,,*
,,..................#.#**,,,,,*
***#####............#,# *,,,,,*
########.############,* *******
.........# *,*
##########***********,*


You could see Menkaure.

Vanquished Creatures
  2 slaves
  2 water moccasin zombies (Ossuary)
  A worker ant (D:3)
  4 big kobold zombies (Ossuary)
  2 mummies (Ossuary)
  5 adders
  2 oozes (D:3)
  3 adder zombies (Ossuary)
  2 worms (D:3)
  A leopard gecko (D:2)
  An orc (D:3)
  2 bats (D:1)
  4 giant cockroaches
  2 gnoll zombies (Ossuary)
  12 goblins
  11 hobgoblins
  5 kobolds
  3 quokkas
  A ball python (D:1)
  3 frilled lizards (D:1)
  9 hobgoblin zombies (Ossuary)
  4 kobold zombies (Ossuary)
  7 orc zombies (Ossuary)
  7 rats
95 creatures vanquished.

Notes
Turn   | Place    | Note
-------+----------+-------------------------------------------
     0 | D:1      | tilp the Merfolk Ice Elementalist began the quest for the Orb.
     0 | D:1      | Reached XP level 1. HP: 13/13 MP: 3/3
   122 | D:1      | Reached skill level 1 in Polearms
   427 | D:1      | Reached XP level 2. HP: 19/19 MP: 5/5
   481 | D:1      | You fall through a shaft!
   525 | D:2      | Reached skill level 2 in Polearms
   533 | D:2      | Learned a level 2 spell: Throw Frost
   624 | D:2      | Reached XP level 3. HP: 20/24 MP: 0/6
  1026 | D:2      | Reached skill level 3 in Polearms
  1582 | D:2      | Learned a level 3 spell: Ozocubu's Armour
  1854 | D:2      | Reached skill level 4 in Polearms
  1854 | D:2      | Reached XP level 4. HP: 25/30 MP: 2/7
  2424 | D:3      | Reached skill level 5 in Polearms
  2777 | D:3      | Found a bloodstained altar of Trog.
  3267 | D:4      | Noticed Pikel
  3267 | D:4      | Noticed a slave
  3268 | D:4      | Noticed a slave
  3268 | D:4      | Noticed a slave
  3269 | D:4      | Noticed a slave
  3432 | D:3      | Killed a slave
  3593 | D:4      | Killed a slave
  3615 | D:3      | Reached skill level 6 in Polearms
  3615 | D:3      | Reached XP level 5. HP: 8/35 MP: 0/8
  3752 | D:4      | Found Firr's Antique Weapon Emporium.
  3763 | D:4      | Found a sand-covered staircase.
  3776 | Ossuary  | Entered an ossuary
  4111 | Ossuary  | Reached skill level 7 in Polearms
  4111 | Ossuary  | Reached XP level 6. HP: 27/41 MP: 9/9
  4169 | Ossuary  | Reached skill level 8 in Polearms
  4808 | Ossuary  | Reached skill level 9 in Polearms
  5038 | D:4      | Noticed Grinder
  5045 | D:4      | Noticed Menkaure
  5059 | D:4      | Slain by Menkaure

Vault maps used:
D:1:      minmay_arrival_split_and_join, serial_glass, glass_columns_a,
          glass_columns_a, glass_columns_b, glass_columns_a, glass_columns_b,
          glass_columns_a, glass_columns_a, glass_columns_b, glass_columns_a,
          glass_columns_b, serial_bayou_ford_a, st_stairs_12
D:2:      minmay_distorted
D:3:      dk_vineyard_3, trog_book
D:4:      minmay_temple_entry_overgrown, enter_ossuary_1, first_ration,
          serial_shops, nicolae_shop_stone, hangedman_decor_lopped,
          uniq_menkaure, uniq_pikel, uniq_grinder
Ossuary:  ossuary_tomb_2

Skill      XL: |  1  2  3  4  5  6 |
---------------+-------------------+-----
Polearms       | 1 2 4 6 7 9 |  9.0
Ice Magic      | 4 |  4.0
Dodging        | |  2.6
Stealth        | |  2.1
Spellcasting   | |  2.0
Conjurations   | |  0.7

Action                   |  1- 3 |  4- 6 || total
-------------------------+-------+-------++-------
Melee: Spear             |    92 |   361 ||   453
Throw: Javelin           |       |     1 ||     1
 Cast: Freeze            |    18 |    27 ||    45
       Throw Frost       |     2 |     7 ||     9
       Ozocubu's Armour  |       |     2 ||     2
Evoke: Wand              |       |     3 ||     3
  Use: Scroll            |       |    11 ||    11
       Potion            |       |     1 ||     1
 Stab: Sleeping          |     5 |     3 ||     8
  Eat: Chunk             |     3 |     8 ||    11
       Ration            |       |     1 ||     1
Armor: Robe              |     8 |    74 ||    82
Dodge: Dodged            |    50 |   144 ||   194

Table legend:
 A = Spawn XP
 B = Non-spawn XP
 C = Spawn XP percentage of total XP
 D = Spawn monster count
 E = Non-spawn monster count
 F = Spawn count percentage of total count
 G = Total turns spent on level
                    A         B        C        D         E        F      G
               +---------+---------+-------+---------+---------+-------+---------
         Total |       0 |     547 |   0.0 |       0 |      93 |   0.0 |  5059
               +---------+---------+-------+---------+---------+-------+---------
           D:1 |       0 |      29 |   0.0 |       0 |      18 |   0.0 |   878
           D:2 |       0 |      79 |   0.0 |       0 |      24 |   0.0 |  1570
           D:3 |       0 |      90 |   0.0 |       0 |      16 |   0.0 |  1227
           D:4 |       0 |      16 |   0.0 |       0 |       2 |   0.0 |   142
       Ossuary |       0 |     333 |   0.0 |       0 |      33 |   0.0 |  1242
               +---------+---------+-------+---------+---------+-------+---------
